 Dungeon Crawl Stone Soup version 0.28.0-53-g5a82cb258f (webtiles) character file.

Game seed: 1602596094426653197

77285 jjjjhere the Unseen (level 16, 0/77 (83) HPs)
             Began as a Kobold Berserker on Aug 18, 2022.
             Was an Elder of Trog.
             Slain by a tentacled starspawn (21 damage)
             ... on level 2 of the Abyss.
             The game lasted 00:55:39 (33925 turns).

jjjjhere the Unseen (Kobold Berserker)             Turns: 33925, Time: 00:55:39

HP:   0/77 (83)     AC: 12    Str: 14    XL:     16   Next: 4%
MP:   16/16         EV: 28    Int:  9    God:    Trog [****..]
Gold: 2532          SH: 16    Dex: 24    Spells: 15/15 levels left

rFire   . . .      SeeInvis .   H - +8 rapier (vorpal)
rCold   . . .      Faith    .   N - +2 kite shield
rNeg    . . .      Spirit   .   s - +2 robe of Hysteria {+Inv rPois}
rPois   +          Reflect  .   B - +0 helmet
rElec   .          Harm     .   v - +0 cloak
rCorr   .          Rampage  .   z - +0 pair of gloves
Will    +....                   Y - +0 pair of boots
Stlth   ++++++++..              (no amulet)
HPRegen 0.22/turn               Z - +4 ring of protection
MPRegen 0.15/turn               K - +6 ring of dexterity

@: on berserk cooldown, slowed, drained, very slow
A: small, no large weapons, nightstalker 3, [weak 2]
a: Renounce Religion, Evoke Invisibility, Berserk, Trog's Hand, Brothers in Arms


You were on level 2 of the Abyss.
You worshipped Trog.
Trog was greatly pleased with you.
You visited 3 branches of the dungeon, and saw 21 of its levels.
You visited the Abyss 1 time.
You also visited: Volcano.

You collected 2532 gold pieces.

Inventory:

Hand Weapons
 H - a +8 vorpal rapier (weapon)
 I - a +1 dagger of electrocution
 J - a +2 dagger of venom
 U - a +2 vampiric rapier
Missiles
 t - 5 throwing nets (quivered)
 x - 3 datura-tipped darts
 D - 57 poisoned darts
 R - 5 atropa-tipped darts
Armour
 s - the +2 robe of Hysteria (worn) {+Inv rPois}
   (You found it on level 4 of the Dungeon)

   rPois:     It protects you from poison.
   +Inv:      It lets you turn invisible.
 v - a +0 cloak (worn)
 z - a +0 pair of gloves (worn)
 B - a +0 helmet (worn)
 N - a +2 kite shield (worn)
 X - a +2 chain mail of fire resistance
 Y - a +0 pair of boots (worn)
Jewellery
 c - a ring of see invisible
 m - a +4 ring of protection
 n - a ring of flight
 o - a ring of protection from fire
 A - the ring "Ifus" {rPois Int+2 Dex+2}
   (You found it on level 13 of the Dungeon)

   [ring of poison resistance]

   Int:       It affects your intelligence (+2).
   Dex:       It affects your dexterity (+2).
   rPois:     It protects you from poison.
 K - a +6 ring of dexterity (right hand)
 M - a +4 ring of evasion
 Z - a +4 ring of protection (left hand)
Wands
 d - a wand of polymorph (19)
 p - a wand of digging (16)
 q - a wand of paralysis (6)
 r - a wand of iceblast (22)
 C - a wand of mindburst (9)
 F - a wand of flame (38)
 G - a wand of acid (18)
 S - a wand of charming (2)
Scrolls
 b - a scroll of fog
 f - a scroll of summoning
 g - 3 scrolls of blinking
 i - 7 scrolls of enchant weapon
 j - 4 scrolls of identify
 l - a scroll of enchant armour
 y - 3 scrolls of fear
 E - 6 scrolls of teleportation
 T - 2 scrolls of magic mapping
Potions
 e - 5 potions of flight
 k - 5 potions of attraction
 u - a potion of mutation
 w - 11 potions of curing
 L - a potion of cancellation
 P - a potion of magic
 Q - a potion of invisibility
 V - 3 potions of haste
 W - 4 potions of might
Miscellaneous
 h - a tin of tremorstones (2/2)
 O - a phantom mirror


   Skills:
 - Level 3.2 Fighting
 + Level 10.6 Short Blades
 + Level 2.5 Throwing
 - Level 1.5 Armour
 - Level 15.6 Dodging
 + Level 16.9 Stealth
 * Level 11.4 Shields
 - Level 16.5 Evocations


You had 15 spell levels left.
You didn't know any spells.
Your spell library was empty.

Dungeon Overview and Level Annotations

Branches:
Dungeon (13/15)            Temple (0/1) D:4            Lair (6/6) D:9
 Shoals (0/4) Lair:2        Snake (0/4) Lair:2        Slime (0/5) Lair:6
    Orc (2/2) D:10            Elf (0/3) Orc:2       Volcano (visited)
 Vaults: D:13-14

Altars:
Ashenzari
Dithmenos
Elyvilon
Nemelex Xobeh
Okawaru
Qazlal
Sif Muna
Uskayaw
Yredelemnul
Jiyva

Shops:
D:10 (   D:11 :   Orc:2 !((:

Annotations:
D:3 2 runed translucent doors
D:13 exclusion: door


Innate Abilities, Weirdness & Mutations

You are small and have problems with some larger weapons.
You are completely attuned to the shadows.
[You are very weak. (Str -4)]


Message History

The smoke demon is almost dead.
You block the smoke demon's attack.
The smoke demon hits you but does no damage.
The smoke demon barely misses you.
You hit the starspawn tentacle.
The starspawn tentacle is moderately damaged.
The starspawn tentacle constricts you.
You block the tentacled starspawn's attack. x2
You puncture the tentacled starspawn!
The starspawn tentacle loses its grip on you.
The tentacled starspawn is lightly damaged.
The smoke demon gestures at you. You block the sticky flame.
You puncture the tentacled starspawn!
The tentacled starspawn is moderately damaged.
You block the starspawn tentacle's attack.
The tentacled starspawn misses you. x2
The starspawn tentacle completely misses you.
You puncture the tentacled starspawn!
The tentacled starspawn is heavily damaged.
You are no longer berserk.
You are exhausted.
You feel yourself slow down. You block the smoke demon's attack. x3
You puncture the tentacled starspawn!
The tentacled starspawn is severely damaged.
The starspawn tentacle grabs you. The starspawn tentacle constricts you.
The tentacled starspawn bites you!
The tentacled starspawn closely misses you.
The smoke demon gestures at you. Something smites you!
The starspawn tentacle constricts you.
The tentacled starspawn completely misses you.
The tentacled starspawn misses you.
You puncture the tentacled starspawn!
The starspawn tentacle loses its grip on you.
The tentacled starspawn is severely damaged.
The smoke demon gestures at you. The ball of steam hits you!!
* * * LOW HITPOINT WARNING * * *
The tentacled starspawn bites you!!
You die...

..# . .#.##...
###.. .#.#
##.#. ...#..
#..#.#..##.#.#.
...#.#... # ..
#.....§### .
.#.Xw§## # ##
#..w@#..## #
..#3..#... #
.X##.#...# ...
.# #. ## .. #


You could see a tentacled starspawn, a large abomination, a smoke demon and 2
starspawn tentacles.

Vanquished Creatures
  A tentacled starspawn (Abyss:2)
  A very ugly thing (D:13)
  Fannar (D:10)
  5 hydras
  Erolcha (D:10)
  A centaur warrior (D:13)
  A catoblepas (Lair:5)
  An alligator (Lair:6)
  14 death yaks
  A hell hog (Volcano)
  4 two-headed ogres
  Urug (D:12)
  5 orc high priests
  A sixfirhy (Abyss:2)
  Pikel (D:4)
  A lindwurm (Lair:3)
  A wizard (D:13)
  7 orc knights
  3 orc sorcerers
  A manticore (D:7)
  A large abomination (Abyss:2)
  8 ugly things
  Joseph (D:9)
  2 merfolk sirens (Lair:2)
  A smoke demon (Abyss:2)
  5 black mambas
  A gargoyle (D:10)
  4 torpor snails
  A molten gargoyle (Lair:4)
  7 rime drakes
  14 cane toads
  8 komodo dragons
  10 polar bears
  2 merfolk (Lair:2)
  3 trolls
  2 raiju (Lair:6)
  2 hornets
  18 blink frogs
  Grinder (D:6)
  A meliai zombie (D:10)
  A shadow (D:12)
  A wraith (D:11)
  2 vampires
  4 wyverns
  48 yaks
  11 basilisks
  4 fire bats (Volcano)
  3 steam dragons
  7 wargs
  Edmund (D:6)
  4 nagas (Lair:2)
  15 water moccasins
  11 hell hounds
  2 ice beasts
  12 black bears
  A swamp drake (Lair:6)
  23 orc warriors
  A necrophage (D:6)
  21 wolves
  8 ogres
  A lemure (D:4)
  2 centaurs
  A phantom (D:5)
  5 kobold brigands
  Blork the orc (D:6)
  3 bullfrogs
  2 gnoll sergeants
  A small abomination (Abyss:2)
  4 killer bees (D:8)
  13 wights
  4 howler monkeys
  4 electric eels
  5 centaur zombies
  A bullfrog zombie (D:6)
  22 orc priests
  Crazy Yiuf (D:6)
  A jelly (D:5)
  A centaur skeleton (D:4)
  3 hounds
  10 iguanas
  5 orc wizards
  A hound zombie (D:5)
  14 gnolls
  6 adders
  A worm (D:3)
  3 dart slugs
  48 orcs
  6 endoplasms
  4 giant cockroaches
  13 goblins
  7 hobgoblins
  3 jackals (D:1)
  25 kobolds
  4 quokkas
  3 training dummies (D:10)
  4 ball pythons
  7 bats
  7 frilled lizards (D:2)
  A jackal skeleton (D:4)
  2 rats
573 creatures vanquished.

Vanquished Creatures (collateral kills)
  A fire dragon (Lair:6)
  A swamp dragon (Lair:6)
  An orc knight (Orc:2)
  2 fire bats (Volcano)
  3 hell hounds (Lair:6)
  2 wolves (Lair:6)
  An orc priest (Orc:2)
11 creatures vanquished.

Vanquished Creatures (others)
  A fire bat (Volcano)
  A bullfrog (D:7)
  2 bushes (Lair:4)
  17 fungi
  67 plants
  2 starspawn tentacles (Abyss:2)
90 creatures vanquished.

Grand Total: 674 creatures vanquished

Notes
Turn   | Place    | Note
-------+----------+-------------------------------------------
     0 | D:1      | jjjjhere the Kobold Berserker began the quest for the Orb.
     0 | D:1      | Reached XP level 1. HP: 14/14 MP: 1/1
     1 | D:1      | Noticed a gargoyle
    18 | D:1      | Noticed a demigod
    19 | D:1      | Noticed a minotaur skeleton
    89 | D:1      | Reached skill level 1 in Stealth
   151 | D:1      | Reached XP level 2. HP: 18/19 MP: 2/2
   359 | D:1      | Found a faded altar of an unknown god.
   573 | D:1      | Reached XP level 3. HP: 23/23 MP: 3/3
   955 | D:2      | Reached skill level 5 in Short Blades
  1193 | D:2      | Reached ** piety under Trog
  1453 | D:2      | Found a basalt altar of Yredelemnul.
  1470 | D:2      | Reached XP level 4. HP: 28/28 MP: 4/4
  2638 | D:3      | Reached XP level 5. HP: 14/32 MP: 5/5
  3291 | D:3      | Found a large runed translucent door.
  3292 | D:3      | Found a large runed translucent door.
  3346 | D:4      | Noticed a lemure
  3348 | D:4      | Noticed Pikel
  3348 | D:4      | Noticed a lemure
  3349 | D:4      | Noticed a lemure
  3350 | D:4      | Killed a lemure
  3351 | D:4      | Noticed a lemure
  3363 | D:4      | Killed Pikel
  3364 | D:4      | Reached XP level 6. HP: 37/37 MP: 6/6
  3364 | D:4      | Reached XP level 7. HP: 41/41 MP: 7/7
  3571 | D:4      | Found a staircase to the Ecumenical Temple.
  3640 | D:4      | Identified the +2 robe of Hysteria {+Inv rPois}
  3961 | D:4      | Reached skill level 1 in Evocations
  3969 | D:4      | Reached XP level 8. HP: 46/46 MP: 8/8
  4199 | D:4      | Found a sparkling altar of Nemelex Xobeh.
  4459 | D:5      | Entered Level 5 of the Dungeon
  4731 | D:5      | You fall into a shaft and drop 1 floor!
  4731 | D:6      | Noticed Edmund
  4732 | D:6      | Noticed Grinder
  4734 | D:6      | Killed Edmund
  4738 | D:6      | Killed Grinder
  4739 | D:6      | Reached skill level 10 in Short Blades
  4739 | D:6      | Reached skill level 5 in Evocations
  4884 | D:5      | Reached XP level 9. HP: 51/51 MP: 9/9
  5423 | D:5      | Reached *** piety under Trog
  6210 | D:6      | Found a runed translucent door.
  6213 | D:6      | Noticed Crazy Yiuf
  6349 | D:6      | Noticed Blork the orc
  6358 | D:6      | Killed Blork the orc
  6630 | D:6      | Killed Crazy Yiuf
  7012 | D:7      | Reached skill level 1 in Shields
  7012 | D:7      | Reached skill level 10 in Evocations
  7059 | D:7      | Found a broken altar of Ashenzari.
  7375 | D:7      | Reached XP level 10. HP: 21/56 MP: 8/10
  7375 | D:7      | HP: 15/56 [something (6)]
  7996 | D:7      | Noticed a manticore
  8011 | D:7      | Killed a manticore
  8751 | D:8      | Noticed a two-headed ogre
  8755 | D:8      | Killed a two-headed ogre
  8896 | D:8      | Reached **** piety under Trog
  8903 | D:8      | Found an iron altar of Okawaru.
  8962 | D:8      | Reached skill level 5 in Dodging
  9476 | D:8      | Found a white marble altar of Elyvilon.
  9567 | D:9      | Reached XP level 11. HP: 60/60 MP: 11/11
  9681 | D:9      | Reached skill level 10 in Stealth
  9892 | D:9      | Found a staircase to the Lair.
 10628 | D:9      | Noticed a two-headed ogre
 10632 | D:9      | Killed a two-headed ogre
 10682 | D:9      | Found a shimmering blue altar of Sif Muna.
 10683 | D:9      | Found a shadowy altar of Dithmenos.
 10772 | D:9      | Noticed Joseph
 10776 | D:9      | Killed Joseph
 11015 | Lair:1   | Entered Level 1 of the Lair of Beasts
 11374 | Lair:1   | Noticed a five-headed hydra
 11380 | Lair:1   | HP: 29/90 [five-headed hydra (12)]
 11384 | Lair:1   | Killed a five-headed hydra
 11776 | Lair:1   | Reached XP level 12. HP: 56/60 MP: 10/12
 11782 | Lair:1   | Reached skill level 5 in Shields
 12730 | Lair:2   | Noticed a six-headed hydra
 12742 | Lair:2   | Killed a six-headed hydra
 12823 | Lair:2   | Found a staircase to the Snake Pit.
 13413 | Lair:2   | Found a staircase to the Shoals.
 14211 | D:2      | Identified the +4 dagger "Ikimmany" {vorpal, Str+4 SInv}
 15467 | Lair:3   | Noticed an eight-headed hydra
 15589 | Lair:3   | Reached skill level 10 in Dodging
 15961 | Lair:2   | Reached XP level 13. HP: 57/62 MP: 13/13
 16192 | Lair:3   | HP: 20/67 [black mamba (15)]
 16198 | Lair:3   | HP: 27/102 [poisoned by a black mamba]
 16551 | Lair:3   | Killed an eight-headed hydra
 17173 | Lair:4   | Found a dark tunnel.
 17178 | Volcano  | Entered a volcano
 17449 | Volcano  | Noticed a fire dragon
 18091 | Lair:4   | Reached skill level 15 in Evocations
 18908 | Lair:5   | Noticed a catoblepas
 18922 | Lair:5   | Killed a catoblepas
 19040 | Lair:5   | Reached ***** piety under Trog
 19169 | Lair:5   | Reached XP level 14. HP: 42/62 MP: 11/14
 20375 | Lair:6   | Entered Level 6 of the Lair of Beasts
 20426 | Lair:6   | HP: 15/74 [cane toad (19)]
 20845 | Lair:6   | Reached skill level 15 in Stealth
 21327 | Lair:6   | Found a viscous altar of Jiyva.
 21327 | Lair:6   | Found a staircase to the Slime Pits.
 22459 | Lair:6   | Found a stormy altar of Qazlal.
 23787 | Lair:6   | Reached skill level 10 in Shields
 24081 | Lair:6   | Reached XP level 15. HP: 67/78 MP: 15/15
 24553 | D:10     | Entered Level 10 of the Dungeon
 24788 | D:10     | Found a hide-covered altar of Uskayaw.
 25116 | D:10     | Found a staircase to the Orcish Mines.
 25283 | D:10     | Noticed Erolcha
 25287 | D:10     | Killed Erolcha
 25377 | D:10     | Noticed Fannar
 25381 | D:10     | Killed Fannar
 25395 | D:10     | Found Atypp's Firing Range.
 25723 | Orc:1    | Entered Level 1 of the Orcish Mines
 25917 | Orc:2    | Entered Level 2 of the Orcish Mines
 26245 | Orc:2    | Reached skill level 15 in Dodging
 26588 | Orc:2    | Received a gift from Trog
 28010 | Orc:2    | Found a staircase to the Elven Halls.
 29269 | Orc:1    | Received a gift from Trog
 29576 | Orc:2    | HP: 17/77 [orc knight/+3 long sword (19)]
 29577 | Orc:2    | HP: 5/78 [orc knight/bolt (12)]
 30413 | Orc:2    | Found Wehot's Weapon Shoppe.
 30414 | Orc:2    | Found Geklehac's Antique Weapon Emporium.
 30415 | Orc:2    | Found Ateok's Book Emporium.
 30415 | Orc:2    | Found Xulunyak's Distillery.
 30691 | D:11     | Found Xeihotz's Book Shop.
 31501 | D:11     | Reached skill level 1 in Throwing
 32066 | D:12     | Noticed Urug
 32070 | D:12     | Killed Urug
 32614 | D:13     | Identified the ring "Ifus" {rPois Int+2 Dex+2}
 32737 | D:13     | Found a shimmering blue altar of Sif Muna.
 33190 | D:13     | Reached XP level 16. HP: 31/80 MP: 16/16
 33529 | D:13     | Cast into level 2 of the Abyss (a wizard)
 33649 | Abyss:2  | HP: 15/77 [spatial maelstrom (14)]
 33656 | Abyss:2  | HP: 18/77 [burnt (8)]
 33820 | Abyss:2  | Found a corrupted altar of Lugonu.
 33902 | Abyss:2  | Noticed a tentacled starspawn
 33913 | Abyss:2  | Killed a tentacled starspawn
 33915 | Abyss:2  | Noticed a tentacled starspawn
 33925 | Abyss:2  | HP: 21/77 [smoke demon/ball of steam (19)]
 33925 | Abyss:2  | Slain by a tentacled starspawn

Illustrated notes

Levels and vault maps discovered:
D:1:      shiori_arrival_whats_in_store_for_you, layout_rooms,
          dreamdust_ecumenical_altar_grove, minivault_4
D:2:      minmay_inner_zag, layout_loops_cross, basic_altar, minmay_lizard_pond
D:3:      minmay_chambers_of_twos, layout_basic, ebering_ghost_disaster_area,
          minmay_misc_feat_rows, amcnicky_mini_pool_small
D:4:      layout_basic, nemelex_diamond_rough_becter,
          minmay_temple_entry_overgrown, uniq_pikel
D:5:      layout_basic, grunt_ministairs_13, kennysheep_nondescript
D:6:      layout_rooms, lightli_orcish_oven, uniq_crazy_yiuf_cottage,
          uniq_blork_the_orc, uniq_edmund, uniq_grinder
D:7:      layout_rooms, lemuel_crystal_altar
D:8:      layout_loops_ring, nicolae_elyvilon_temple_path,
          okawaru_altar_gauntlet_db
D:9:      layout_basic, nicolae_overflow_squiral, minmay_lair_entry_grove,
          uniq_joseph
D:10:     layout_loops_cross, nicolae_uskayaw_murder_on_the_dancefloor,
          st_stairs_3, nicolae_shop_firing_range, uniq_erolcha, uniq_fannar
D:11:     layout_gridville, serial_shops, kennysheep_mini
D:12:     layout_long_grid, uniq_urug
D:13:     cheibrodos_breeding_chamber, layout_basic, led_sif_book
Lair:1:   layout_regular_city, serial_bayou, serial_bayou_shore_b,
          serial_bayou_lake_a, serial_bayou_lagoon_b, serial_bayou_shore_a,
          lemuel_fruit_tree
Lair:2:   layout_cellular_growth, elwin_shoals_entry_stream,
          minmay_snake_entry_guardpost_small, grunt_megastairs_1
Lair:3:   layout_big_grid, nicolae_lair_lindhole
Lair:4:   layout_gridlike, enter_volcano_4, lemuel_fruit_fields
Lair:5:   layout_cave_pods, infiniplex_staircase_pool_2
Lair:6:   guppyfry_lair_end_dragon, layout_layer_cave,
          hangedman_lair_caniforms_friends, dpeg_slime_entry_enclosed_altar,
          basic_altar, kennysheep_basilisk_garden
Orc:1:    layout_diamond_mine
Orc:2:    st_orc_pillars, layout_caves, nicolae_orc_damp_corner
Abyss:2:  base: D:9, bh_silent_lugonu_exit

Skill      XL: |  1  2  3  4  5  6  7  8  9 10 11 12 13 14 15 |
---------------+----------------------------------------------+-----
Stealth        | 1 2 3 4 7 9 11 13 14 15 16 | 16.9
Short Blades   | 5 8 10 | 10.6
Evocations     | 1 6 10 12 13 14 15 16 | 16.5
Shields        | 2 4 6 8 10 11 | 11.4
Dodging        | 5 8 10 12 14 15 | 15.6
Throwing       | 2 |  2.5
Fighting       | |  3.2
Armour         | |  1.5

Action                   |  1- 3 |  4- 6 |  7- 9 | 10-12 | 13-15 | 16-18 || total
-------------------------+-------+-------+-------+-------+-------+-------++-------
Melee: Short sword       |    98 |    56 |       |    11 |       |       ||   165
       Punch             |     1 |     2 |     4 |       |       |       ||     7
       Dagger            |       |    66 |   237 |   735 |  1637 |       ||  2675
       Rapier            |       |       |       |       |   427 |    62 ||   489
Throw: Throwing net      |       |       |       |       |     2 |       ||     2
Invok: Berserk           |     1 |     2 |     8 |    14 |    13 |     1 ||    39
       Trog's Hand       |       |       |       |     1 |     7 |     3 ||    11
       Brothers in Arms  |       |       |       |       |     2 |       ||     2
 Abil: Evoke Invisibilit |       |       |     1 |     7 |    14 |     1 ||    23
Evoke: Wand              |       |       |       |     2 |    11 |     1 ||    14
       Phantom mirror    |       |       |       |       |     1 |       ||     1
  Use: Scroll            |       |       |    15 |     3 |     9 |     2 ||    29
       Potion            |       |       |       |       |     4 |     1 ||     5
 Stab: Sleeping          |    10 |    12 |    24 |    24 |    71 |       ||   141
       Invisible         |       |       |     2 |    34 |    74 |     3 ||   113
       Distracted        |       |       |     1 |     6 |    10 |     1 ||    18
       Held in net/web   |       |       |       |       |     1 |       ||     1
Armor: Animal skin       |     6 |       |       |       |       |       ||     6
       Leather armour    |    18 |    14 |     4 |       |       |       ||    36
       Robe              |       |       |    28 |    63 |   193 |     6 ||   290
       Chain mail        |       |       |       |       |    14 |       ||    14
Dodge: Dodged            |    65 |    49 |    82 |   327 |  1337 |    46 ||  1906
Block: Buckler           |       |       |     6 |    50 |       |       ||    56
       Kite shield       |       |       |       |   225 |  1541 |    51 ||  1817
